 Dungeon Crawl Stone Soup version 0.30-a0-1163-gf69bf04e7a (webtiles) character file.

Game seed: 1136819386422644094

32 Maxmaps the Chopper (level 3, -2/29 HPs)
             Began as a Demonspawn Monk on Apr 28, 2023.
             Slain by a worm (9 damage)
             ... on level 2 of the Dungeon.
             The game lasted 00:00:40 (833 turns).

Maxmaps the Chopper (Demonspawn Monk)                Turns: 833, Time: 00:00:41

Health: -2/29      AC:  3    Str: 11    XL:     3   Next: 10%
Magic:  3/3        EV: 12    Int: 13    God:
Gold:   70         SH:  0    Dex: 15    Spells: 2/2 levels left

rFire   . . .        a - +0 hand axe
rCold   . . .        d - orb {light}
rNeg    . . .        b - +0 robe
rPois   .            (no helmet)
rElec   .            (no cloak)
rCorr   .            (no gloves)
SInv    .            (no boots)
Will    .....        (no amulet)
Stlth   +            (no ring)
HPRegen 0.24/turn    (no ring)
MPRegen 0.16/turn

%: no passive effects
@: glowing
A: magic regeneration, sharp scales 1
a: no special abilities


You were on level 2 of the Dungeon.
You visited 1 branch of the dungeon, and saw 2 of its levels.

You collected 70 gold pieces.

Inventory:

Hand Weapons
 a - a +0 hand axe (weapon)
Armour
 b - a +0 robe (worn)
 d - an orb of light (worn)
Scrolls
 g - a scroll of fear {unknown}
 h - a scroll of teleportation {unknown}
 i - a scroll of summoning {unknown}
 j - a scroll of noise {unknown}
 l - a scroll of identify {unknown}
Potions
 c - a potion of ambrosia
 e - 2 potions of curing {unknown}
 f - 2 potions of heal wounds {unknown}
 k - a potion of degeneration {unknown}


   Skills:
 - Level 3.0 Fighting
 + Level 3.9 Axes
 - Level 2.6 Dodging


You had 2 spell levels left.
You didn't know any spells.
Your spell library was empty.

Dungeon Overview and Level Annotations

Branches:
Dungeon (2/15)

Altars:


Innate Abilities, Weirdness & Mutations

You regenerate magic rapidly.
You are partially covered in razor-sharp scales. (AC +1, Slay +1)


Message History

The worm closely misses you.
You hit the worm.
The worm is moderately wounded.
The worm bites you!
You hit the worm.
The worm is severely wounded.
You hit the worm but do no damage.
The worm is severely wounded.
The worm bites you.
You hit the worm but do no damage.
The worm is heavily wounded.
You hit the endoplasm.
The endoplasm hits you but does no damage.
The worm bites you!
* * * LOW HITPOINT WARNING * * *
You are too injured to fight recklessly!
You are too injured to fight recklessly!
You are too injured to fight recklessly!
You are too injured to fight recklessly!
You are too injured to fight recklessly!
You are too injured to fight recklessly!
You are too injured to fight recklessly!
You are too injured to fight recklessly!
You are too injured to fight recklessly!
You are too injured to fight recklessly!
You are too injured to fight recklessly!
You are too injured to fight recklessly!
You are too injured to fight recklessly!
You are too injured to fight recklessly!
You are too injured to fight recklessly!
You are too injured to fight recklessly!
You are too injured to fight recklessly!
You are too injured to fight recklessly!
You slash the endoplasm!
You kill the endoplasm!
You hit the worm. You hit the hobgoblin.
The hobgoblin is heavily wounded.
You hit the worm. The hobgoblin misses you. The worm bites you!
You die...

....####################.####
....'....................>..#
....####################..#.#
....# #############..#.##
##### #)................#
#............## .
#.###.#.##.#.# ### ....###.#
#.#.##.#.# .<# ......g@#
#.#.##.#.# ### ...####w#
#.#......# #.# ######.### #.#
#.# #.# #.# #.# #.# #.# #.#
...# #.# #.# # ..# #.#


You could see a worm and a hobgoblin.

Vanquished Creatures
  4 bats
  3 endoplasms
  3 giant cockroaches
  5 goblins (D:1)
  2 hobgoblins (D:1)
  2 jackals (D:1)
  2 quokkas (D:1)
  A ball python (D:1)
  2 frilled lizards (D:1)
  A kobold (D:1)
  3 rats
28 creatures vanquished.

Notes
Turn   | Place    | Note
-------+----------+-------------------------------------------
     0 | D:1      | Maxmaps the Demonspawn Monk began the quest for the Orb.
     0 | D:1      | Reached XP level 1. HP: 18/18 MP: 1/1
   124 | D:1      | Gained mutation: You are partially covered in razor-sharp
                  | scales. (AC +1, Slay +1) [demonic ancestry]
   124 | D:1      | Reached XP level 2. HP: 20/24 MP: 2/2
   704 | D:2      | Gained mutation: You regenerate magic rapidly. [demonic
                  | ancestry]
   704 | D:2      | Reached XP level 3. HP: 29/29 MP: 3/3
   833 | D:2      | Slain by a worm

Illustrated notes

Levels and vault maps discovered:
D:1:      eino_arrival_cavern_b, layout_rooms
D:2:      layout_basic, ebering_ecumenical_altar_rust, chequers_jeans,
          minmay_hexomino_u4, uniq_robin

Skill      XL: |  1 |
---------------+----+-----
Axes           | 3 |  3.9
Fighting       | |  3.0
Dodging        | |  2.6

Action                     || total
---------------------------++-------
  Melee: Hand axe          ||    66
 Armour: Robe              ||    25
  Dodge: Dodged            ||    31

Table legend: (Time is in decaauts)
 A = Elapsed time spent in this place.
 B = Non-inter-level travel time spent in this place.
 C = Inter-level travel time spent in this place.
 D = Time resting spent in this place.
 E = Time spent auto-exploring this place.
 F = Levels seen in this place.
 G = Mean time per level.
                   A        B        C        D        E       F      G
               +--------+--------+--------+--------+--------+-----+--------+
         Total |    842 |    818 |     24 |      0 |    666 |   2 |  421.0 |
       Dungeon |    842 |    818 |     24 |      0 |    666 |   2 |  421.0 |
               +--------+--------+--------+--------+--------+-----+--------+

Top non-repeatable levels by time:
     D:1: 661 daAuts
     D:2: 180 daAuts
